 Dungeon Crawl Stone Soup version 0.27.1-33-g824d729ab1 (webtiles) character file.

Game seed: 2577913331477978766

9329 hilljack the Geomancer (level 11, -2/54 HPs)
             Began as a Gargoyle Earth Elementalist on Nov 29, 2021.
             Was a Believer of Vehumet.
             Slain by a seven-headed hydra (8 damage)
             ... on level 1 of the Lair of Beasts.
             The game lasted 00:26:24 (12447 turns).

hilljack the Geomancer (GrEE)                      Turns: 12447, Time: 00:26:25

Health: -2/54      AC: 19    Str: 12    XL:     11   Next: 44%
Magic:  15/22      EV: 12    Int: 32    God:    Vehumet [**....]
Gold:   284        SH:  0    Dex: 10    Spells: 12/25 levels left

rFire    + + .     SeeInvis .   h - +6 spear "Cibum" {flame, Int+3}
rCold    . . .     Faith    .   (no shield)
rNeg     + . .     Spirit   .   x - +3 robe "Zibbumuc" {+Inv rF+ Int+4}
rPois    ∞         Reflect  .   C - +0 helmet
rElec    +         Harm     .   m - +0 cloak
rCorr    .         Rampage  .   (no gloves)
Will     +....                  a - +2 pair of boots
Stlth    ++........             e - amulet "Punwas" {RegenMP rF+ Will+}
HPRegen  0.18/turn              r - +6 ring of intelligence
MPRegen  0.43/turn              (no ring)

@: no status effects
A: sickness immunity, AC +8, negative energy resistance 1, electricity
resistance, torment resistance 1, petrification resistance
a: Renounce Religion, Evoke Invisibility


You were on level 1 of the Lair of Beasts.
You worshipped Vehumet.
Vehumet was pleased with you.
You visited 3 branches of the dungeon, and saw 12 of its levels.

You collected 563 gold pieces.
You spent 279 gold pieces at shops.

Inventory:

Hand Weapons
 h - the +6 spear "Cibum" (weapon) {flame, Int+3}
   (You found it on level 4 of the Dungeon)

   It burns those it strikes, dealing additional fire damage.
   Int:       It affects your intelligence (+3).
Missiles
 c - 88 stones
 d - 40 poisoned darts
Armour
 a - a +2 pair of boots (worn)
 m - a +0 cloak (worn)
 x - the +3 robe "Zibbumuc" (worn) {+Inv rF+ Int+4}
   (You bought it in a shop on level 6 of the Dungeon)

   Int:       It affects your intelligence (+4).
   rF:        It protects you from fire.
   +Inv:      It lets you turn invisible.
 C - a +0 helmet (worn)
Jewellery
 e - the amulet "Punwas" (around neck) {RegenMP rF+ Will+}
   (You acquired it on level 3 of the Dungeon)

   [amulet of magic regeneration]

   It increases your rate of magic regeneration.
   rF:        It protects you from fire.
   Will:      It increases your willpower.
 j - a ring of fire
 r - a +6 ring of intelligence (left hand)
Wands
 i - a wand of flame (13)
 k - a wand of digging (5)
Scrolls
 f - 2 scrolls of holy word
 n - 2 scrolls of vulnerability
 o - a scroll of magic mapping
 p - a scroll of fog
 u - a scroll of teleportation
 y - a scroll of identify
Potions
 b - a potion of flight
 g - 4 potions of attraction
 l - a potion of brilliance
 q - 3 potions of might
 s - a potion of lignification
 t - 3 potions of curing
 v - a potion of resistance
 z - a potion of heal wounds
 A - 2 potions of magic
Miscellaneous
 w - a tin of tremorstones (2/2)
 B - a condenser vane


   Skills:
 + Level 0.0 Polearms
 - Level 4.4 Armour
 + Level 3.8 Dodging
 - Level 3.3 Stealth
 + Level 7.6 Spellcasting
 + Level 6.3 Conjurations
 - Level 5.4 Transmutations
 - Level 13.4 Earth Magic


You had 12 spell levels left.
You knew the following spells:

 Your Spells              Type           Power      Damage    Failure   Level
a - Sandblast             Erth           100%       2d20      0%          1
b - Passwall              Tmut/Erth      53%        N/A       1%          2
c - Stone Arrow           Conj/Erth      100%       3d13      1%          3
d - Petrify               Tmut/Erth      64%        N/A       1%          4
e - Inner Flame           Hex/Fire       12%        N/A       12%         3

Your spell library contained the following spells:

 Spells                   Type           Power      Damage    Failure   Level
 Ignite Poison            Fire/Tmut/Pois 23%        N/A       5%          3
 Foxfire                  Conj/Fire      100%       2x1d9     1%          1
 Static Discharge         Conj/Air       32%        N/A       1%          2
 Conjure Flame            Conj/Fire      32%        6-21      3%          3
 Lightning Bolt           Conj/Air       16%        1d30      30%         5
 Maxwell's Capacitive Co  Air            6%         ∞         100%        8


Dungeon Overview and Level Annotations

Branches:
Dungeon (9/15)             Temple (1/1) D:4            Lair (2/6) D:9
  Swamp: Lair:2-4    Shoals: Lair:2-4     Snake: Lair:2-4    Spider: Lair:2-4
    Orc: D:9-12

Altars:
Ashenzari
Cheibriados
Dithmenos
Elyvilon
Fedhas
Gozag
Hepliaklqana
Kikubaaqudgha
Makhleb
Nemelex Xobeh
Okawaru
Qazlal
Ru
Sif Muna
Trog
Uskayaw
Vehumet
Wu Jian
Xom
Yredelemnul
Zin

Shops:
D:6 [:   D:9 [

Annotations:
D:4 2 runed translucent doors, AltoTato's ghost, amateur DrBe


Innate Abilities, Weirdness & Mutations

You are immune to sickness and miasma.
Your stone body is resilient. (AC +8)
You are immune to poison.
You resist negative energy. (rN+)
You are resistant to electric shocks. (rElec)
You are resistant to unholy torment.
You are immune to petrification.


Message History

The helpless seven-headed hydra fails to defend itself.
You hit the seven-headed hydra. You burn the seven-headed hydra.
The seven-headed hydra is moderately wounded.
You reach to attack!
The helpless seven-headed hydra fails to defend itself.
You hit the seven-headed hydra. You burn the seven-headed hydra.
The seven-headed hydra is moderately wounded.
You reach to attack!
The helpless seven-headed hydra fails to defend itself.
You hit the seven-headed hydra. You burn the seven-headed hydra.
The seven-headed hydra is moderately wounded.
The seven-headed hydra is no longer petrified.
You puncture the seven-headed hydra! You burn the seven-headed hydra.
The seven-headed hydra is moderately wounded.
The seven-headed hydra barely misses you.
The seven-headed hydra bites you but does no damage.
The seven-headed hydra bites you! x2
The seven-headed hydra bites you but does no damage.
The seven-headed hydra bites you.
The seven-headed hydra barely misses you.
Casting: Stone Arrow (safe; 1% risk of failure)
Confirm with . or Enter, or press ? or * to list all spells.
Aiming: Petrify (dangerous; 1% risk of failure)
Press: ? - help, Shift-Dir - straight line, f/p - seven-headed hydra
Aim: a seven-headed hydra (moderately wounded, chance to affect: 45%)
The seven-headed hydra resists with some effort.
The seven-headed hydra bites you!
The seven-headed hydra closely misses you. x2
The seven-headed hydra bites you but does no damage.
The seven-headed hydra misses you.
The seven-headed hydra bites you but does no damage.
The seven-headed hydra bites you!
* * * LOW HITPOINT WARNING * * *
The seven-headed hydra bites you but does no damage.
The seven-headed hydra bites you.
* * * LOW HITPOINT WARNING * * *
The seven-headed hydra misses you.
The seven-headed hydra closely misses you.
The seven-headed hydra bites you!
You die...

###...#.....###.P.............#
##...#..P..##.#...PP.#....###.#
...####P.#####.............####
#### #### #....##P.........#
##...###...####..# ####..#
#...# #### ##.....# #.### #
###..###.# #..#
#########.....#.@# #.##
....##....######D###.#
#......#.## #.....##
..##P...#### #......#
...........#####......##
#...#.......#....#P....#
#...#.......#....#....####
#...#...#....>.[..#......#
#########....#.#.###....##


You could see a seven-headed hydra.

Vanquished Creatures
  A hydra (Lair:1)
  Maggie (D:6)
  3 komodo dragons (Lair:1)
  A polar bear (Lair:1)
  A troll (D:9)
  A hornet (D:7)
  4 blink frogs
  Sigmund (D:3)
  A shadow (D:8)
  A wyvern (Lair:2)
  4 yaks
  A vampire (D:8)
  3 steam dragons
  Eustachio (D:4)
  2 basilisks (Lair:1)
  8 water moccasins
  2 ice beasts
  2 necrophages
  A sky beast (D:5)
  3 ogres
  2 centaurs (D:5)
  A phantom (D:7)
  2 kobold brigands
  Blork the orc (D:4)
  7 bullfrogs
  A water moccasin zombie (D:5)
  5 scorpions
  8 killer bees
  5 howler monkeys
  2 centaur zombies
  A bullfrog zombie (D:7)
  A jelly (D:8)
  2 bullfrog skeletons
  3 hounds
  A gnoll shaman (D:9)
  An orc priest (D:6)
  Crazy Yiuf (D:3)
  2 centaur skeletons
  5 iguanas
  A scorpion zombie (D:5)
  An orc wizard (D:7)
  A howler monkey skeleton (D:5)
  A howler monkey zombie (D:7)
  9 adders
  14 gnolls
  3 white imps
  3 ufetubi
  A worm (D:2)
  2 dart slugs
  21 orcs
  9 ball pythons
  10 endoplasms
  5 giant cockroaches
  3 goblins
  12 hobgoblins
  7 jackals
  4 quokkas
  6 bats
  2 frilled lizards (D:2)
  12 kobolds
  9 rats
229 creatures vanquished.

Vanquished Creatures (others)
  A fungus (Lair:2)
  6 plants
7 creatures vanquished.

Grand Total: 236 creatures vanquished

Notes
Turn   | Place    | Note
-------+----------+-------------------------------------------
     0 | D:1      | hilljack the Gargoyle Earth Elementalist began the quest
                  | for the Orb.
     0 | D:1      | Reached XP level 1. HP: 10/10 MP: 3/3
   147 | D:1      | Reached XP level 2. HP: 15/15 MP: 5/5
   159 | D:1      | Reached skill level 1 in Transmutations
   305 | D:1      | Reached skill level 4 in Earth Magic
   753 | D:1      | Reached XP level 3. HP: 9/19 MP: 4/6
  1272 | D:1      | Reached XP level 4. HP: 24/24 MP: 4/7
  1521 | D:1      | Found a faded altar of an unknown god.
  2117 | D:2      | Found a sparkling altar of Nemelex Xobeh.
  2126 | D:2      | Reached XP level 5. HP: 18/28 MP: 0/8
  2577 | D:2      | Reached skill level 5 in Earth Magic
  2760 | D:3      | Found a runed translucent door.
  2761 | D:3      | Noticed Crazy Yiuf
  2798 | D:3      | Killed Crazy Yiuf
  2810 | D:3      | Identified a scroll of acquirement
  2810 | D:3      | Acquired the amulet "Punwas" {RegenMP rF+ Will+}
  2825 | D:3      | Noticed Sigmund
  3149 | D:3      | Learned a level 2 spell: Passwall
  3153 | D:3      | Learned a level 3 spell: Stone Arrow
  3833 | D:3      | Killed Sigmund
  3834 | D:3      | Reached skill level 6 in Earth Magic
  3834 | D:3      | Reached XP level 6. HP: 32/32 MP: 4/10
  4450 | D:4      | Identified the +6 spear "Cibum" {flame, Int+3}
  4459 | D:4      | Reached XP level 7. HP: 35/36 MP: 10/12
  4587 | D:4      | Noticed Eustachio
  4809 | D:4      | Learned a level 4 spell: Petrify
  4972 | D:4      | Killed Eustachio
  5042 | D:4      | Found a large runed translucent door.
  5043 | D:4      | Found a large runed translucent door.
  5068 | D:4      | Noticed AltoTato's ghost (amateur DrBe)
  5087 | D:4      | Found a staircase to the Ecumenical Temple.
  5094 | Temple   | Entered the Ecumenical Temple
  5293 | Temple   | Became a worshipper of Vehumet
  5320 | D:4      | Reached skill level 7 in Earth Magic
  5523 | D:4      | Noticed Blork the orc
  5527 | D:4      | Killed Blork the orc
  5528 | D:4      | Reached skill level 1 in Armour
  5528 | D:4      | Reached XP level 8. HP: 41/41 MP: 10/13
  5680 | D:5      | Entered Level 5 of the Dungeon
  6104 | D:5      | Reached skill level 8 in Earth Magic
  6567 | D:5      | Reached skill level 9 in Earth Magic
  6595 | D:5      | Reached XP level 9. HP: 45/45 MP: 13/16
  6926 | D:6      | Reached skill level 5 in Spellcasting
  6982 | D:5      | Reached * piety under Vehumet
  6982 | D:5      | Offered knowledge of Magic Dart by Vehumet.
  7467 | D:6      | Found Uhann's Antique Armour Shoppe.
  7467 | D:6      | Found Bouzxaq's Book Boutique.
  7475 | D:6      | Bought a smoking leather armour for 154 gold pieces
  7475 | D:6      | Identified the +0 leather armour of the Everdark {-Tele rC+
                  | rN+ Dex+2} (You bought it in a shop on level 6 of the
                  | Dungeon)
  7475 | D:6      | Bought a colourful robe for 125 gold pieces
  7475 | D:6      | Identified the +3 robe "Zibbumuc" {+Inv rF+ Int+4} (You
                  | bought it in a shop on level 6 of the Dungeon)
  7700 | D:6      | Noticed Maggie
  7719 | D:6      | Killed Maggie
  7720 | D:6      | Reached skill level 1 in Conjurations
  7720 | D:6      | Reached skill level 10 in Earth Magic
  8212 | D:7      | Noticed a hornet
  8217 | D:7      | Killed a hornet
  8296 | D:7      | Reached skill level 5 in Transmutations
  8384 | D:7      | Reached XP level 10. HP: 46/50 MP: 14/18
  8540 | D:7      | Reached skill level 11 in Earth Magic
  8580 | D:7      | Offered knowledge of Searing Ray by Vehumet.
  8949 | D:8      | Reached ** piety under Vehumet
  9504 | D:9      | Found a staircase to the Lair.
  9616 | D:9      | Found Sintiss's Antique Armour Boutique.
 10319 | Lair:1   | Entered Level 1 of the Lair of Beasts
 10334 | D:9      | Reached skill level 12 in Earth Magic
 10621 | Lair:1   | Reached skill level 5 in Conjurations
 10646 | Lair:1   | Offered knowledge of Ignite Poison by Vehumet.
 10736 | Lair:1   | Reached XP level 11. HP: 54/54 MP: 21/21
 11122 | Lair:1   | Learned a level 3 spell: Inner Flame
 11184 | Lair:1   | Noticed a seven-headed hydra
 11193 | Lair:1   | Killed a seven-headed hydra
 11194 | Lair:1   | Reached skill level 13 in Earth Magic
 12005 | Lair:2   | Noticed a seven-headed hydra
 12447 | Lair:1   | Slain by a seven-headed hydra

Illustrated notes

Levels and vault maps discovered:
D:1:      lightli_iron_boxes, layout_basic, ebering_ecumenical_altar_mist,
          hex_tiny
D:2:      layout_loops_cross, basic_altar
D:3:      layout_basic, uniq_crazy_yiuf_cottage, uniq_sigmund
D:4:      layout_cave_pods, minmay_temple_entry_wispy,
          ebering_ghost_disaster_area, minmay_misc_feat_secret_circle,
          uniq_eustachio, uniq_blork_the_orc
D:5:      minmay_bubble_buster, layout_gridville, hangedman_decor_diamond_cutter
D:6:      layout_gridville, st_stairs_3, nicolae_wooded_promenade, uniq_maggie
D:7:      layout_loops_ring, minmay_bent
D:8:      layout_cave_pools
D:9:      layout_roguey, lair_entry_dummy, serial_shops, shop,
          minmay_misc_feat_ornament, st_stairs_10
Temple:   minmay_crystal_snake_temple
Lair:1:   layout_misc_corridors, beast_lair_carwin_7
Lair:2:   layout_cave_pods, minmay_shoals_entry_beasts,
          gammafunk_ghost_wrathful_warriors

Skill      XL: |  1  2  3  4  5  6  7  8  9 10 11 |
---------------+----------------------------------+-----
Transmutations | 1 2 3 5 |  5.4
Earth Magic    | 4 6 7 9 10 12 13 | 13.4
Dodging        | 2 3 |  3.8
Stealth        | 3 |  3.3
Spellcasting   | 3 4 5 7 |  7.6
Armour         | 1 3 4 |  4.4
Conjurations   | 2 5 6 |  6.3

Action                   |  1- 3 |  4- 6 |  7- 9 | 10-12 || total
-------------------------+-------+-------+-------+-------++-------
Melee: Club              |    38 |       |       |       ||    38
       Unarmed           |     4 |       |       |       ||     4
       Whip              |     5 |    63 |       |       ||    68
       Short sword       |       |    36 |       |       ||    36
       Quarterstaff      |       |    74 |       |       ||    74
       Spear             |       |     6 |    98 |    51 ||   155
 Cast: Sandblast         |    27 |    37 |   108 |   144 ||   316
       Stone Arrow       |       |     1 |       |    15 ||    16
       Petrify           |       |       |       |    11 ||    11
  Use: Scroll            |       |     7 |     8 |     5 ||    20
       Potion            |       |       |     1 |     1 ||     2
 Stab: Sleeping          |     3 |     6 |     2 |       ||    11
       Distracted        |       |       |     1 |       ||     1
       Petrified         |       |       |       |    32 ||    32
Armor: Robe              |    18 |    88 |    24 |    60 ||   190
       Leather armour    |       |       |    36 |       ||    36
Dodge: Dodged            |    49 |   128 |    55 |   107 ||   339
